 Dungeon Crawl Stone Soup version 0.23-a0-183-gf37f6fb109 (webtiles) character file.

1060 Banto the Spear-Bearer (level 8, 0/56 HPs)
             Began as a Demonspawn Gladiator on Sept 21, 2018.
             Slain by a worker ant (4 damage)
             ... on level 5 of the Dungeon.
             The game lasted 00:05:43 (5278 turns).

Banto the Spear-Bearer (Demonspawn Gladiator)       Turns: 5278, Time: 00:05:43

Health: 0/56       AC:  6    Str: 16    XL:     8   Next: 6%
Magic:  7/7        EV: 13    Int: 11    God:
Gold:   285        SH:  0    Dex: 16    Spells: 7/7 levels left

rFire    . . .     SeeInvis .   a - +0 trident
rCold    . . .     Gourm    .   (no shield)
rNeg     . . .     Faith    +   b - +0 leather armour
rPois    +         Spirit   .   (no helmet)
rElec    .         Reflect  .   q - +2 cloak
rCorr    .         Harm     .   (no gloves)
MR       .....                  (no boots)
Stlth    +.........             l - amulet of faith
HPRegen  0.18/turn              x - ring of poison resistance
MPRegen  0.10/turn              (no ring)

@: no status effects
A: talons 1, clever 1, low mp 1, powered by pain 2
a: no special abilities


You were on level 5 of the Dungeon.
You were not hungry.

You visited 1 branch of the dungeon, and saw 5 of its levels.

You collected 285 gold pieces.

Inventory:

Hand Weapons
 a - a +0 trident (weapon)
Missiles
 d - 3 throwing nets (quivered)
Armour
 b - a +0 leather armour (worn)
 c - a +0 helmet
 q - a +2 cloak (worn)
 y - a +0 cloak
Jewellery
 l - an amulet of faith (around neck)
 x - a ring of poison resistance (left hand)
Wands
 i - a wand of polymorph (14)
 z - a wand of enslavement (12)
Scrolls
 e - 7 scrolls of identify
 h - 2 scrolls of fog
 t - 3 scrolls of remove curse
 v - a scroll of amnesia
Potions
 j - a potion of magic {unknown}
 k - a potion of haste {unknown}
 m - a potion of ambrosia {unknown}
 p - 2 potions of curing {unknown}
 r - 3 potions of heal wounds {unknown}
 u - a potion of agility {unknown}
 w - 2 potions of might
Comestibles
 f - 9 rations
 n - a chunk of flesh


   Skills:
 - Level 2.0 Fighting
 + Level 9.1 Polearms
 - Level 1.7 Throwing
 - Level 2.6 Dodging


You had 7 spell levels left.
You didn't know any spells.
Your spell library was empty.

Dungeon Overview and Level Annotations

Branches:
Dungeon (5/15)
 Temple: D:4-7

Altars:
Elyvilon
Makhleb
Nemelex Xobeh
Beogh

Shops:
D:4 [


Innate Abilities, Weirdness & Mutations

You have sharp toenails.
You sometimes gain power by taking damage.
Your mind is acute. (Int +2)
Your magical capacity is low. (-10% MP)


Message History

Attack whom?
Press: ? - help, Dir - move target cursor, f/p - scorpion
Aim: a scorpion (heavily wounded)
You completely miss the scorpion. You claw the scorpion.
The scorpion is severely wounded.
The scorpion stings you.
* * * LOW HITPOINT WARNING * * *
The worker ant misses you.
You take 2 damage, and have 2/56 hp.
Attack whom?
Press: ? - help, Dir - move target cursor, f/p - scorpion
Aim: a scorpion (severely wounded)
You closely miss the scorpion.
The scorpion is severely wounded.
The scorpion stings you but does no damage.
The worker ant closely misses you. The worker ant barely misses you.
The worker ant misses you. The worker ant bites you.
You die...

. .##.........>##.....# .
#..........#....... #..##
#.....<............ .....
##.................
.....# ##................
...... ###......#........
......##....###..........
............# ..........
........@#### .#........
........a#####..........
.......#s.............
............###.#.....
.####........##.#.....
##....[.).....##
................#
.....#...)...(..##
........).........


You could see a scorpion and a worker ant.

Vanquished Creatures
  Sigmund (D:3)
  2 ogres
  A howler monkey (D:5)
  A crimson imp (D:5)
  A bullfrog zombie (D:5)
  3 hounds
  3 orc priests
  4 orc wizards
  Terence (D:2)
  3 worker ants
  2 hound skeletons (D:4)
  A worker ant zombie (D:5)
  A howler monkey skeleton (D:2)
  4 adders
  A shadow imp (D:5)
  An adder skeleton (D:5)
  3 worms
  4 leopard geckos
  29 orcs
  14 bats
  4 giant cockroaches
  8 goblins
  4 hobgoblins
  9 jackals
  5 ball pythons
  11 frilled lizards
  A jackal zombie (D:5)
  7 kobolds
  A quokka skeleton (D:4)
  10 rats
140 creatures vanquished.

Notes
Turn   | Place    | Note
-------+----------+-------------------------------------------
     0 | D:1      | Banto the Demonspawn Gladiator began the quest for the Orb.
     0 | D:1      | Reached XP level 1. HP: 16/16 MP: 1/1
    45 | D:1      | Reached skill level 3 in Polearms
   436 | D:1      | Gained mutation: You have sharp toenails. [demonic
                  | ancestry]
   436 | D:1      | Reached XP level 2. HP: 22/22 MP: 2/2
   933 | D:2      | Reached XP level 3. HP: 25/27 MP: 3/3
   934 | D:2      | Reached skill level 4 in Polearms
  1097 | D:2      | Reached XP level 4. HP: 19/33 MP: 4/4
  1749 | D:3      | Noticed Sigmund
  1775 | D:2      | Reached skill level 5 in Polearms
  2495 | D:3      | Noticed Terence
  2607 | D:2      | Killed Terence
  2607 | D:2      | Reached XP level 5. HP: 19/38 MP: 5/5
  2773 | D:3      | Killed Sigmund
  2773 | D:3      | Reached skill level 6 in Polearms
  2773 | D:3      | Gained mutation: You sometimes gain a little power by
                  | taking damage. [demonic ancestry]
  2773 | D:3      | Reached XP level 6. HP: 19/44 MP: 6/6
  3009 | D:3      | Found a white marble altar of Elyvilon.
  3613 | D:3      | Found a sparkling altar of Nemelex Xobeh.
  3660 | D:3      | Found a roughly hewn altar of Beogh.
  3672 | D:3      | Reached skill level 7 in Polearms
  3904 | D:4      | Gained mutation: You possess an exceptional clarity of
                  | mind. [potion of mutation]
  3904 | D:4      | Gained mutation: Your spells are a little easier to cast,
                  | but a little less powerful. [potion of mutation]
  3904 | D:4      | Gained mutation: You have a pair of small horns on your
                  | head. [potion of mutation]
  3929 | D:4      | Found Vioxtef's Antique Armour Boutique.
  3931 | D:4      | Lost mutation: You possess an exceptional clarity of mind.
                  | [potion of mutation]
  3931 | D:4      | Lost mutation: You have a pair of small horns on your head.
                  | [potion of mutation]
  3931 | D:4      | Lost mutation: Your spells are a little easier to cast, but
                  | a little less powerful. [potion of mutation]
  3931 | D:4      | Gained mutation: Your magical capacity is low. (-10% MP)
                  | [potion of mutation]
  3931 | D:4      | Gained mutation: Your mind is acute. (Int +2) [potion of
                  | mutation]
  4214 | D:4      | Reached XP level 7. HP: 44/50 MP: 6/6
  4653 | D:4      | Found a burning altar of Makhleb.
  4736 | D:4      | Reached skill level 8 in Polearms
  4774 | D:5      | Entered Level 5 of the Dungeon
  5216 | D:5      | Reached skill level 9 in Polearms
  5216 | D:5      | Gained mutation: You sometimes gain power by taking damage.
                  | [demonic ancestry]
  5216 | D:5      | Reached XP level 8. HP: 30/56 MP: 7/7
  5269 | D:5      | HP: 2/56 [scorpion (2)]
  5278 | D:5      | Slain by a worker ant

Vault maps used:
D:1:      noname_arrival_rooms_in_the_neighbourhood, minmay_tetromino_s2
D:2:      first_ration
D:3:      overflow_temple_1_default, nemelex_xobeh_ov_fountains_minmay,
          kennysheep_orc_chapel, uniq_sigmund, uniq_terence
D:4:      lemuel_coloured_pillars_altar, serial_shops, nicolae_shop_crystal
D:5:      kennysheep_vampire_church, biasface_ghost_orc_armoury,
          minmay_misc_feat_four_crosses, minmay_misc_feat_square

Skill      XL: |  1  2  3  4  5  6  7 |
---------------+----------------------+-----
Polearms       | 3 4 5 6 7 9 |  9.1
Fighting       | |  2.0
Throwing       | |  1.7
Dodging        | |  2.6

Action                   |  1- 3 |  4- 6 |  7- 9 || total
-------------------------+-------+-------+-------++-------
Melee: Trident           |   123 |   204 |   166 ||   493
       Kick              |    17 |    46 |    46 ||   109
Throw: Javelin           |       |       |     2 ||     2
Evoke: Wand              |       |       |     1 ||     1
  Use: Potion            |       |     2 |       ||     2
       Scroll            |       |     1 |     6 ||     7
 Stab: Sleeping          |     2 |     2 |       ||     4
  Eat: Chunk             |     1 |    10 |     3 ||    14
Armor: Leather armour    |    40 |    48 |    51 ||   139
Dodge: Dodged            |    93 |   145 |    95 ||   333

Table legend:
 A = Non-vault XP
 B = Vault XP
 C = Vault XP percentage of total XP
 D = Non-vault monster count
 E = Vault monster count
 F = Vault count percentage of total count
                 A         B        C        D         E       F
            +---------+---------+-------+---------+---------+-------
      Total |    1206 |     309 |  20.4 |     132 |       8 |   5.7
            +---------+---------+-------+---------+---------+-------
        D:1 |      35 |       3 |   7.9 |      22 |       2 |   8.3
        D:2 |     156 |      36 |  18.8 |      43 |       1 |   2.3
        D:3 |     152 |     270 |  64.0 |      26 |       5 |  16.1
        D:4 |     431 |       0 |   0.0 |      24 |       0 |   0.0
        D:5 |     432 |       0 |   0.0 |      17 |       0 |   0.0
            +---------+---------+-------+---------+---------+-------

Table legend:
 A = Turns spent in this place as a percentage of turns spent in the entire game.
 B = Non-inter-level travel turns spent in this place as a percentage of non-inter-level travel turns spent in the entire game.
 C = Inter-level travel turns spent in this place as a percentage of turns spent in this place.
 D = Turns resting spent in this place as a percentage of non-inter-level travel turns spent in this place.
 E = Turns spent auto-exploring this place as a percentage of non-inter-level travel turns spent in this place.
 F = Non-inter-level travel turns spent in this place divided by the number of levels of this place that you've seen.
                   A       B       C       D       E      F
               +-------+-------+-------+-------+-------+----------------------
         Total | 100.0 | 100.0 |   2.6 |  39.0 |  39.7 | 1028.4
       Dungeon | 100.0 | 100.0 |   2.6 |  39.0 |  39.7 | 1028.4
               +-------+-------+-------+-------+-------+----------------------

Table legend:
 A = Kills in this place as a percentage of kills in entire the game.
 B = Kills by you in this place as a percentage of kills by you in the entire game.
 C = Kills by friends in this place as a percentage of kills by friends in the entire game.
 D = Other kills in this place as a percentage of other kills in the entire game.
 E = Experience gained in this place as a percentage of experience gained in the entire game.
 F = Experience gained in this place divided by the number of levels of this place that you have seen.
                   A       B       C       D       E      F
               +-------+-------+-------+-------+-------+----------------------
         Total | 100.0 | 100.0 |   N/A |   N/A | 100.0 | 303.0
       Dungeon | 100.0 | 100.0 |   N/A |   N/A | 100.0 | 303.0
               +-------+-------+-------+-------+-------+----------------------
